 Dungeon Crawl Stone Soup version 0.21-a0-178-g0b87683 (webtiles) character file.

43614 namelastname112 the Earth Mage (level 13, -4/127 HPs)
             Began as a Pale Draconian Wanderer on Aug 9, 2017.
             Was an Elder of Ashenzari.
             Slain by a blink frog (19 damage)
             ... on level 4 of the Lair of Beasts.
             The game lasted 00:48:08 (25213 turns).

namelastname112 the Earth Mage (DrWn)              Turns: 25213, Time: 00:48:08

Health: -4/127     AC: 12    Str: 24    XL:     13   Next: 91%
Magic:  3/28       EV: 18    Int: 11    God:    Ashenzari [****..]
Gold:   1100       SH:  0    Dex: 13    Spells: 17/34 levels left

rFire    + . .     SeeInvis +   N - +3 dagger of Darkness {pierce, rF+ rC+ rN+} (curse)
rCold    + . .     Gourm    .   (no shield)
rNeg     + + .     Faith    .   (armour unavailable)
rPois    .         Spirit   .   (helmet restricted)
rElec    +         Reflect  .   H - +0 cloak
rCorr    .         Harm     .   s - +2 pair of gloves {Dex+3}
MR       .....     Clarity  +   (no boots)
Stlth    ++........             (no amulet)
HPRegen  0.31/turn              B - ring of the Median {rElec rN+ SInv}
MPRegen  0.21/turn              d - ring of wizardry

@: short of breath
A: breathe steam, unfitting armour, fangs 1, blink, clarity, dopey 1, robust 1,
strong 2, cold-blooded, AC +8
a: Breathe Steam, Blink, Curse Item, Scrying, Renounce Religion


You were on level 4 of the Lair of Beasts.
You worshipped Ashenzari.
Ashenzari was greatly pleased with you.
You were not hungry.

You visited 3 branches of the dungeon, and saw 19 of its levels.
You also visited: Ossuary and Ice Cave.

You collected 1100 gold pieces.

Inventory:

Hand Weapons
 N - the cursed +3 dagger of Darkness (weapon) {pierce, rF+ rC+ rN+}
   (You found it on level 7 of the Dungeon)

   It inflicts extra damage upon your enemies.
   It protects you from fire.
   It protects you from cold.
   It protects you from negative energy.
   It has a curse placed upon it.
Missiles
 l - 23 stones (quivered)
Armour
 s - a +2 pair of gloves of dexterity (worn)
 H - a +0 cloak (worn)
Jewellery
 c - an uncursed ring of flight
 d - a ring of wizardry (right hand)
 e - an uncursed ring of ice
 B - the ring of the Median (left hand) {rElec rN+ SInv}
   (You found it on level 4 of the Dungeon)

   [ring of see invisible]

   It insulates you from electricity.
   It protects you from negative energy.
   It lets you see invisible.
 L - an uncursed ring of protection from fire
 R - an uncursed ring of ice
Wands
 g - a wand of random effects (26/48)
 i - a wand of digging (17/24)
 o - a wand of lightning (3/15)
 r - a wand of iceblast (7/15)
 A - a wand of disintegration (11/24)
 C - a wand of digging (14/24)
 I - a wand of iceblast (15/15)
 J - a wand of acid (1/15)
 O - a wand of acid (9/15)
 Q - a wand of confusion (10/48)
 V - a wand of iceblast (7/15)
 W - a wand of iceblast (11/15)
 X - a wand of iceblast (12/15)
Scrolls
 b - a scroll of immolation
 h - 5 scrolls of teleportation
 j - 11 scrolls of remove curse
 k - 2 scrolls of fog
 n - 2 scrolls of blinking
 q - 5 scrolls of recharging
 v - 2 scrolls of magic mapping
 x - 4 scrolls of amnesia
 y - a scroll of enchant weapon
 D - 8 scrolls of identify
 P - 2 scrolls of enchant armour
Potions
 a - 2 potions of resistance
 p - 4 potions of haste
 t - 7 potions of might
 u - a potion of invisibility
 w - a potion of ambrosia
 z - 2 potions of cancellation
 E - 6 potions of flight
 G - 2 potions of curing
 M - 2 potions of agility
 T - a potion of brilliance
Books
 U - a book of Frost

   Spells                             Type                      Level
   a - Freeze                         Ice                          1
   b - Throw Frost                    Conjuration/Ice              2
   c - Ozocubu's Armour               Charms/Ice                   3
   d - Throw Icicle                   Conjuration/Ice              4
   e - Summon Ice Beast               Ice/Summoning                4
Comestibles
 f - 11 bread rations
 m - 8 fruits


   Skills:
 + Level 11.2 Fighting
   Level 1.0 Staves
 + Level 9.6 Dodging
 - Level 1.7 Stealth
 + Level 11.1 Spellcasting
 - Level 1.0 Translocations
 + Level 15.2 Earth Magic
 - Level 1.1 Evocations


You had 17 spell levels left.
You knew the following spells:

 Your Spells              Type           Power        Failure   Level  Hunger
a - Passwall              Tmut/Erth      ###.......   1%          2    None
b - Blink                 Tloc           N/A          4%          2    None
c - Lee's Rapid Deconstr  Erth           #####.....   1%          5    #####..
d - Petrify               Tmut/Erth      ###.....     1%          4    ####...
x - Stone Arrow           Conj/Erth      ###...       1%          3    ##.....
z - Sandblast             Erth           #####.       0%          1    None


Dungeon Overview and Level Annotations

Branches:
Dungeon (14/15)            Temple (1/1) D:7            Lair (4/6) D:9
  Swamp (0/4) Lair:4
  Snake: Lair:2-4    Spider: Lair:2-4       Orc: D:9-12      Vaults: D:13-14

Altars:
Ashenzari
Cheibriados
Dithmenos
Elyvilon
Fedhas
Gozag
Hepliaklqana
Kikubaaqudgha
Makhleb
Nemelex Xobeh
Okawaru
Qazlal
Ru
Sif Muna
Trog
Uskayaw
Vehumet
Wu Jian
Xom
Yredelemnul
Zin
The Shining One

Shops:
D:8 (   D:14 }

Annotations:
D:11 pedritolo's ghost, journeyman DsWz
D:12 sergedm's ghost, journeyman DECj


Innate Abilities, Weirdness & Mutations

You can breathe blasts of scalding, opaque steam.
Your pale cyan-grey scales are hard. (AC +8)
You cannot fit into any form of body armour.
You are cold-blooded and may be slowed by cold attacks.
You have very sharp teeth.
You can translocate small distances at will.
You possess an exceptional clarity of mind.
You are dopey. (Int -2)
You are robust. (+10% HP)
Your muscles are very strong. (Str +4)


Message History

The blink frog blinks!
You take 7 damage, and have 28/127 hp.
Unknown command.
The blink frog is engulfed in a cloud of scalding steam.
You kill the blink frog!
The blink frog hits you!
* * * LOW HITPOINT WARNING * * *
You take 13 damage, and have 16/127 hp.
You have got your breath back.
The blink frog blinks!
The blink frog barely misses you. The blink frog hits you.
* * * LOW HITPOINT WARNING * * *
The blink frog blinks!
You take 3 damage, and have 14/127 hp.
Press: ? - help, Shift-Dir - straight line, f - blink frog
Aim: a blink frog You exhale a blast of scalding steam.
The ball of steam hits the blink frog.
The blink frog is heavily wounded.
You feel somewhat more hungry. The blink frog hits you!!
You die...

** * #### ,, *##### ##.P# #### *
, #...# #...# #..# , ##...##
#P..####..# * , #.#...#
##@..##...# ##....# ##FF#.....#
**##..## #...##....# #, * ##..#
##........# #., ##...##
##.....#..## #.. #.....#
#..........#
#..F##P...#####...♣....P## ##
##.P.P.....P.###..♣..♣....######.
.........FFPF§....♣..♣...........


You could see 2 blink frogs.

Vanquished Creatures
  3 vault guards (D:13)
  Erolcha (D:9)
  Fannar (Lair:2)
  A hydra (Lair:3)
  A rakshasa (D:13)
  2 ogre magi (D:13)
  A centaur warrior (D:13)
  4 two-headed ogres
  A tengu warrior (D:13)
  2 deep elf knights (D:13)
  An unseen horror (D:7)
  2 deep trolls (D:10)
  An orc knight (D:13)
  A necromancer (IceCv)
  A deep elf mage (D:13)
  2 cyclopes
  An ice statue (IceCv)
  4 elephants
  2 black mambas
  4 spiny frogs
  3 komodo dragons
  10 freezing wraiths (IceCv)
  A tengu conjurer (D:13)
  11 trolls
  2 meliai (D:13)
  5 blink frogs
  4 hippogriffs
  23 yaks
  A wraith (D:13)
  A human (D:13)
  A wyvern (D:8)
  3 basilisks
  A steam dragon (D:7)
  Edmund (D:5)
  Menkaure (D:5)
  A soldier ant (D:10)
  8 water moccasins
  8 porcupines
  3 orc warriors
  A sky beast (shapeshifter) (D:13)
  2 hornet zombies
  An alligator simulacrum (IceCv)
  3 sky beasts
  2 black bears
  10 ice beasts
  7 ogres
  2 wolves (D:9)
  5 phantoms
  11 centaurs
  A necrophage (D:11)
  3 big kobolds
  9 crocodiles
  Blork the orc (D:5)
  12 bullfrogs
  2 wyvern zombies
  A gnoll sergeant (D:10)
  5 scorpions
  19 killer bees
  A swamp dragon simulacrum (IceCv)
  A water moccasin skeleton (D:9)
  5 wights (D:12)
  An elephant simulacrum (IceCv)
  6 electric eels
  2 vampire bats (D:4)
  A howler monkey (D:5)
  2 centaur zombies
  3 bullfrog zombies
  6 crimson imps
  4 jellies
  3 draconian simulacra (IceCv)
  4 hounds
  13 orc wizards
  4 centaur skeletons
  7 orc priests
  Terence (D:3)
  6 iguanas
  5 troll simulacra (IceCv)
  12 worker ants
  A polar bear simulacrum (IceCv)
  A spriggan simulacrum (IceCv)
  A killer bee zombie (D:6)
  A big kobold zombie (Ossuary)
  2 centaur simulacra (IceCv)
  8 mummies (Ossuary)
  A hound skeleton (D:5)
  4 hound zombies
  2 worker ant zombies
  A howler monkey skeleton (D:10)
  10 adders
  9 gnolls
  5 naga simulacra (IceCv)
  4 ogre simulacra (IceCv)
  12 white imps (IceCv)
  An ooze (D:4)
  An adder zombie (D:7)
  2 adder skeletons (D:5)
  A worm (D:3)
  2 dart slugs
  3 leopard geckos
  48 orcs
  6 giant cockroaches
  2 gnoll zombies (Ossuary)
  4 goblins
  6 hobgoblins
  11 jackals
  5 quokkas
  3 ball pythons
  14 bats
  6 frilled lizards
  2 hobgoblin zombies (Ossuary)
  A jackal skeleton (D:4)
  13 kobolds
  2 kobold zombies (Ossuary)
  A leopard gecko skeleton (D:8)
  An orc zombie (Ossuary)
  3 quokka skeletons
  7 rats
  2 fungi
517 creatures vanquished.

Vanquished Creatures (others)
  An orc wizard (D:13)
  A bush (Lair:3)
  9 fungi
  7 plants
18 creatures vanquished.

Grand Total: 535 creatures vanquished

Notes
Turn   | Place    | Note
-------+----------+-------------------------------------------
     0 | D:1      | namelastname112 the Draconian Wanderer began the quest for the Orb.
     0 | D:1      | namelastname112 set off with: a book of Geomancy, a potion of lignification, Niuczad's Handbook of Boosts, a +0 club, a +0 dagger, a bread ration
     0 | D:1      | Reached XP level 1. HP: 16/16 MP: 4/4
     0 | D:1      | Identified Niuczad's Handbook of Boosts
   596 | D:1      | Reached XP level 2. HP: 13/24 MP: 6/6
   921 | D:2      | Learned a level 1 spell: Sandblast
   935 | D:2      | Reached skill level 1 in Dodging
  1166 | D:2      | Found a basalt altar of Yredelemnul.
  1188 | D:2      | Reached XP level 3. HP: 22/30 MP: 4/7
  1659 | D:2      | Found a bloodstained altar of Trog.
  1769 | D:3      | Found a hide-covered altar of Uskayaw.
  1928 | D:3      | Reached XP level 4. HP: 23/38 MP: 8/8
  2294 | D:3      | Reached XP level 5. HP: 41/46 MP: 4/9
  2565 | D:4      | Found a sand-covered staircase.
  2577 | Ossuary  | Entered an ossuary
  2738 | Ossuary  | Reached XP level 6. HP: 42/55 MP: 10/10
  2743 | Ossuary  | Reached skill level 5 in Fighting
  3149 | D:4      | Got a glittering lead ring
  3150 | D:4      | Identified the ring of the Median {rElec rN+ SInv} (You found it on level 4 of the Dungeon)
  4402 | D:5      | Entered Level 5 of the Dungeon
  4402 | D:5      | Noticed Edmund
  4443 | D:5      | Your scales start taking on a pale cyan-grey colour.
  4443 | D:5      | Reached XP level 7. HP: 62/62 MP: 11/11
  4630 | D:5      | Learned a level 3 spell: Stone Arrow
  4660 | D:5      | Found an opulent altar of Gozag.
  4660 | D:5      | Found a white marble altar of Elyvilon.
  4666 | D:5      | Found a radiant altar of Vehumet.
  4668 | D:5      | Found a faded altar of an unknown god.
  4670 | D:5      | Found an ancient bone altar of Kikubaaqudgha.
  4946 | D:5      | Became a worshipper of Uskayaw the Reveler
  4946 | D:5      | Reached * piety under Uskayaw
  5038 | D:5      | Reached ** piety under Uskayaw
  5093 | D:5      | Fell from the grace of Uskayaw
  5139 | D:5      | Reached skill level 2 in Earth Magic
  5513 | D:5      | Killed Edmund
  5566 | D:5      | Noticed Menkaure
  5585 | D:5      | Killed Menkaure
  5585 | D:5      | Reached skill level 3 in Earth Magic
  5633 | D:5      | Noticed Blork the orc
  5643 | D:5      | Reached XP level 8. HP: 39/71 MP: 14/14
  5644 | D:5      | Killed Blork the orc
  5644 | D:5      | Reached skill level 5 in Dodging
  6237 | D:3      | Found a blossoming altar of Fedhas.
  6361 | D:3      | Noticed Terence
  6375 | D:3      | Killed Terence
  6538 | D:5      | Reached skill level 4 in Earth Magic
  6709 | D:6      | Reached skill level 5 in Spellcasting
  6866 | D:6      | Reached skill level 5 in Earth Magic
  6952 | D:6      | Reached skill level 6 in Earth Magic
  7287 | D:6      | Reached XP level 9. HP: 76/78 MP: 12/17
  7635 | D:7      | Noticed an unseen horror
  7675 | D:7      | Killed an unseen horror
  7675 | D:7      | Reached skill level 7 in Earth Magic
  8008 | D:7      | Got a fine dagger
  8009 | D:7      | Identified the cursed +3 dagger of Darkness {pierce, rF+ rC+ rN+} (You found it on level 7 of the Dungeon)
  8038 | D:7      | Reached skill level 8 in Earth Magic
  8354 | D:7      | Found a staircase to the Ecumenical Temple.
  8423 | Temple   | Entered the Ecumenical Temple
  8478 | Temple   | Became a worshipper of Ashenzari the Shackled
  8712 | D:7      | Reached skill level 9 in Earth Magic
  8892 | D:7      | Learned a level 5 spell: Lee's Rapid Deconstruction
  8960 | D:8      | Reached XP level 10. HP: 83/84 MP: 2/20
  9122 | D:8      | Noticed a two-headed ogre
  9134 | D:8      | Killed a two-headed ogre
  9134 | D:8      | Reached skill level 10 in Earth Magic
  9243 | D:8      | Found a hazy altar of Hepliaklqana.
  9651 | D:8      | Found Efogirr's Antique Weapon Emporium.
  9655 | D:8      | Reached * piety under Ashenzari
  9927 | D:9      | Noticed a two-headed ogre
  9928 | D:9      | Found a staircase to the Lair.
  9960 | D:9      | Killed a two-headed ogre
  9961 | D:9      | Reached skill level 11 in Earth Magic
 10039 | D:9      | Learned a level 4 spell: Petrify
 10058 | D:9      | Noticed a two-headed ogre
 10074 | D:9      | Killed a two-headed ogre
 10312 | D:9      | Reached XP level 11. HP: 81/92 MP: 6/23
 10522 | D:9      | Identified the ring "Jegevvi" {*Tele rPois}
 10745 | D:9      | Found a glowing silver altar of Zin.
 10773 | D:9      | Noticed Erolcha
 10784 | D:9      | Killed Erolcha
 10786 | D:9      | Paralysed by the fury of Uskayaw for 4 turns
 11008 | D:9      | Found a deep blue altar of Sif Muna.
 11140 | D:10     | Entered Level 10 of the Dungeon
 11452 | D:10     | Noticed a deep troll
 11693 | D:10     | Was forgiven by Uskayaw
 11973 | D:10     | Reached skill level 12 in Earth Magic
 12169 | D:10     | Noticed a deep troll
 12253 | D:10     | Killed a deep troll
 12793 | D:10     | Learned a level 2 spell: Passwall
 13339 | D:10     | Killed a deep troll
 13951 | D:11     | Noticed pedritolo's ghost (journeyman DsWz)
 14449 | D:11     | Reached XP level 12. HP: 103/103 MP: 18/25
 14700 | D:12     | Noticed sergedm's ghost (journeyman DECj)
 14823 | D:13     | Reached skill level 13 in Earth Magic
 14960 | D:13     | Noticed a vault guard
 15294 | D:13     | Reached ** piety under Ashenzari
 15313 | D:13     | Gained mutation: You have very sharp teeth. [mutagenic meat]
 15314 | D:13     | Gained mutation: Your muscles are strong. (Str +2) [mutagenic meat]
 15315 | D:13     | Gained mutation: Your muscles are very strong. (Str +4) [mutagenic meat]
 15712 | D:13     | Noticed a centaur warrior
 15720 | D:13     | Killed a centaur warrior
 15760 | D:13     | HP: 5/104 [iguana (5)]
 16380 | D:13     | Noticed a tengu warrior
 16392 | D:13     | Killed a tengu warrior
 16483 | D:13     | Noticed a vault guard
 16486 | D:13     | Noticed an ogre mage
 16492 | D:13     | Killed an ogre mage
 16697 | D:13     | Killed a vault guard
 17008 | D:13     | Noticed an ogre mage
 17014 | D:13     | Killed an ogre mage
 17014 | D:13     | Reached skill level 10 in Spellcasting
 17408 | D:14     | Found Oqaupt's Quality Used Wands.
 17480 | D:13     | Killed a vault guard
 17480 | D:13     | Reached skill level 14 in Earth Magic
 17827 | D:14     | Noticed a rakshasa
 17843 | D:13     | Killed a rakshasa
 17843 | D:13     | Reached skill level 10 in Fighting
 18003 | D:13     | Noticed a two-headed ogre
 18011 | D:13     | Killed a two-headed ogre
 18026 | D:13     | Gained mutation: You are dopey. (Int -2) [mutagenic meat]
 18027 | D:13     | Gained mutation: You can translocate small distances at will. [mutagenic meat]
 18028 | D:13     | Gained mutation: You are robust. (+10% HP) [mutagenic meat]
 18029 | D:13     | Gained mutation: You possess an exceptional clarity of mind. [mutagenic meat]
 18160 | D:13     | Reached XP level 13. HP: 64/124 MP: 15/27
 18700 | Lair:1   | Entered Level 1 of the Lair of Beasts
 18736 | Lair:1   | Learned a level 2 spell: Blink
 19592 | Lair:2   | Noticed Fannar
 19617 | Lair:2   | Killed Fannar
 19870 | Lair:2   | Reached *** piety under Ashenzari
 20605 | Lair:3   | Found a frozen archway.
 20614 | IceCv    | Entered an ice cave
 23046 | IceCv    | Found an ancient bone altar of Kikubaaqudgha.
 23192 | Lair:3   | Reached skill level 15 in Earth Magic
 23234 | Lair:3   | HP: 4/127 [black mamba (15)]
 24918 | Lair:4   | Reached **** piety under Ashenzari
 25213 | Lair:4   | Slain by a blink frog

Vault maps used:
D:1:      dpeg_arrival_water_fire
D:2:      yredelemnul_altar_generic, lemuel_coloured_pillars_altar,
          minmay_parallelograms
D:3:      nicolae_overflow_hidden_temple, fedhas_altar_1, first_bread,
          uniq_terence
D:4:      chequers_ossuary_entry_cave, minmay_misc_feat_roman, roderic_batcave
D:5:      chequers_temple_overflow_minitemple, uniq_menkaure,
          uniq_blork_the_orc, uniq_edmund
D:7:      minmay_temple_entry_hall
D:8:      lemuel_doored_altar, serial_shops, shop, grunt_ogre_cave
D:9:      lemuel_round_altar, minmay_lair_entry_grove, basic_altar,
          minmay_misc_feat_cross, uniq_erolcha
D:10:     lemuel_troll_bridge
D:12:     orc_0_dummy, kennysheep_generic_room_10
D:13:     grunt_vaults_entry_fortified, disabler_island
D:14:     nicolae_for_you_no_charge, uniq_sonja
Temple:   minmay_temple_bridge_abc
Lair:1:   minivault_23, minivault_25, serial_bayou_shore_a
Lair:2:   st_stairs_9, infiniplex_staircase_pool, lemuel_fruit_fields,
          uniq_fannar
Lair:3:   portal_ice_cave_entry_pillars_2
Lair:4:   nicolae_swamp_entry_splash_gauntlet, spider_nest_entry_funnel_web,
          serial_forest, infiniplex_forest_clump_curved,
          infiniplex_forest_clump_double, infiniplex_forest_pool,
          infiniplex_forest_clump_small, infiniplex_forest_split,
          infiniplex_forest_clump_tiny, infiniplex_forest_end_2
Ossuary:  ossuary_tomb_3
IceCv:    ice_cave_small_necro

Skill      XL: |  1  2  3  4  5  6  7  8  9 10 11 12 13 |
---------------+----------------------------------------+-----
Fighting       | 2 3 4 5 6 7 8 10 11 | 11.2
Dodging        | 1 2 3 4 5 7 8 9 |  9.6
Earth Magic    | 3 6 9 11 12 14 15 | 15.2
Spellcasting   | 4 5 7 8 9 10 11 | 11.1
Staves         | |  1.0
Stealth        | |  1.7
Translocations | |  1.0
Evocations     | |  1.1

Action                   |  1- 3 |  4- 6 |  7- 9 | 10-12 | 13-15 || total
-------------------------+-------+-------+-------+-------+-------++-------
Melee: Dagger            |   169 |   225 |   345 |   348 |   155 ||  1242
       Club              |    18 |       |       |       |       ||    18
       Tailslap          |    21 |    35 |    68 |    52 |    30 ||   206
       Unarmed           |       |    26 |       |       |       ||    26
       Bite              |       |       |       |     8 |    22 ||    30
 Cast: Sandblast         |    14 |    62 |   127 |   109 |   169 ||   481
       Stone Arrow       |       |       |    10 |   189 |    94 ||   293
       Lee's Rapid Decon |       |       |       |    61 |    54 ||   115
       Petrify           |       |       |       |     7 |     4 ||    11
Invok: Renounce Religion |       |       |     1 |       |       ||     1
 Abil: Breathe Steam     |       |       |    19 |    55 |    30 ||   104
Evoke: Wand              |       |       |       |     7 |     6 ||    13
  Use: Potion            |     1 |     6 |       |     2 |     3 ||    12
       Scroll            |       |     3 |    15 |     5 |     5 ||    28
 Stab: Sleeping          |     2 |     1 |     3 |       |       ||     6
       Distracted        |       |       |     1 |       |       ||     1
  Eat: Chunk             |     4 |     4 |     8 |    36 |    14 ||    66
       Meat ration       |       |     1 |     2 |     5 |     1 ||     9
       Royal jelly       |       |     1 |       |     2 |     3 ||     6
       Fruit             |       |       |     1 |       |     9 ||    10
       Bread ration      |       |       |       |       |     3 ||     3
Armor: Skin              |   100 |   152 |   152 |   157 |   120 ||   681
Dodge: Dodged            |   138 |   220 |   357 |   406 |   378 ||  1499
